 Dungeon Crawl Stone Soup version 0.31-a0-187-gba352fbbf7 (webtiles) character file.

Game seed: 7866703490893732303

13 qw the Shooter (level 2, -1/16 HPs)
             Began as a Deep Elf Hunter on June 22, 2023.
             Slain by a goblin
             ... wielding a +0 club
              (4 damage)
             ... on level 1 of the Dungeon.
             The game lasted 00:00:07 (140 turns).

qw the Shooter (Deep Elf Hunter)                     Turns: 140, Time: 00:00:08

Health: -1/16      AC:  3    Str:  8    XL:     2   Next: 24%
Magic:  4/4        EV: 12    Int: 13    God:
Gold:   43         SH:  0    Dex: 18    Spells: 1/1 levels left

rFire   . . .        a - +0 shortbow
rCold   . . .        (shield currently unavailable)
rNeg    . . .        c - +0 leather armour
rPois   .            (no helmet)
rElec   .            (no cloak)
rCorr   .            (no gloves)
SInv    .            (no boots)
Will    .....        (no amulet)
Stlth   ++           (no ring)
HPRegen 0.22/turn    (no ring)
MPRegen 0.09/turn

%: no passive effects
@: no status effects
A: no striking features
a: no special abilities


You were on level 1 of the Dungeon.
You visited 1 branch of the dungeon, and saw 1 of its levels.

You collected 43 gold pieces.


   Skills:
 - Level 1.5 Fighting
 + Level 6.1 Ranged Weapons
 - Level 2.4 Dodging
 - Level 1.2 Stealth


You had one spell level left.
You didn't know any spells.
Your spell library was empty.

Inventory:

Hand Weapons
 a - a +0 shortbow (weapon)
Armour
 c - a +0 leather armour (worn)
Scrolls
 b - a scroll of butterflies
 e - a scroll of enchant armour {unknown}
Potions
 d - a potion of might {unknown}

Dungeon Overview and Level Annotations

Branches:
Dungeon (1/15)

Altars:


Message History

The jackal bites you.
You shoot an arrow. The arrow hits the bat.
The bat is severely wounded.
The bat misses you. The jackal closely misses you. The bat closely misses you.
The jackal barely misses you.
You shoot an arrow. The arrow hits the bat.
You kill the bat!
The jackal closely misses you. The jackal bites you.
You shoot an arrow.
The arrow hits the goblin but does no damage.
The goblin barely misses you. The jackal barely misses you.
You shoot an arrow. The arrow hits the goblin!
You kill the goblin!
The jackal closely misses you. The jackal barely misses you.
You shoot an arrow.
The arrow closely misses the ball python.
The ball python bites you but does no damage.
The ball python grabs you. The ball python constricts you.
The jackal bites you but does no damage.
The ball python bites you. The ball python constricts you.
You shoot an arrow.
The arrow barely misses the ball python.
The jackal bites you. The ball python barely misses you.
The ball python constricts you.
The jackal bites you but does no damage.
You shoot an arrow.
The arrow barely misses the ball python.
The jackal bites you.
The ball python bites you but does no damage.
The ball python constricts you.
You shoot an arrow. The arrow hits the ball python!
You kill the ball python!
The jackal barely misses you.
The jackal bites you but does no damage.
You shoot an arrow. The arrow closely misses the goblin.
The jackal barely misses you. The goblin hits you with a +0 club.
You shoot an arrow.
The arrow hits the goblin but does no damage.
The jackal bites you. The goblin hits you with a +0 club.
You die...

#########..#
#..........#
...........#
...........#######
.................#####
...........#.........#
#..........#####.###...#
#.......)..# #..# #
...%.......# #@)#
.####.....## #hg# ##
#.....# #..# # ......
.%.. # ..... # ....... #
........ # .........) #


You could see a jackal and a goblin.

Vanquished Creatures
  An endoplasm (D:1)
  2 giant cockroaches (D:1)
  A goblin (D:1)
  2 hobgoblins (D:1)
  2 jackals (D:1)
  A ball python (D:1)
  2 bats (D:1)
11 creatures vanquished.

Notes
Turn   | Place    | Note
-------+----------+-------------------------------------------
     0 | D:1      | qw the Deep Elf Hunter began the quest for the Orb.
     0 | D:1      | Reached XP level 1. HP: 12/12 MP: 3/3
     0 | D:1      | 0 ||| qw: Version: 0.3-a-9-g12657ce
     0 | D:1      | 0 ||| qw: Game counter: 2282
     0 | D:1      | 0 ||| qw: Always use a shield: true
     0 | D:1      | 0 ||| qw: God list: Okawaru
     0 | D:1      | 0 ||| qw: Allow faded altars: false
     0 | D:1      | 0 ||| qw: Do Orc after D:15 true
     0 | D:1      | 0 ||| qw: Do second Lair branch before Depths: true
     0 | D:1      | 0 ||| qw: Lair rune preference: random
     0 | D:1      | 0 ||| qw: Plans: Normal
     0 | D:1      | 0 ||| PLANNING D:1-11
   123 | D:1      | Reached XP level 2. HP: 16/16 MP: 4/4
   130 | D:1      | Reached skill level 6 in Ranged Weapons
   140 | D:1      | HP: 3/16 [jackal (3)]
   140 | D:1      | Slain by a goblin

Levels and vault maps discovered:
D:1:      saegor_arrival_miasma, layout_rooms, minmay_pentomino_v4

Skill      XL: |  1  2 |
---------------+-------+-----
Ranged Weapons | 6 |  6.1
Fighting       | |  1.5
Dodging        | |  2.4
Stealth        | |  1.2

Action                     || total
---------------------------++-------
   Fire: Shortbow          ||    47
 Armour: Leather armour    ||    25
  Dodge: Dodged            ||    45

Table legend:
 A = Non-vault XP
 B = Vault XP
 C = Vault XP percentage of total XP
 D = Non-vault monster count
 E = Vault monster count
 F = Vault count percentage of total count
                 A         B        C        D         E       F
            +---------+---------+-------+---------+---------+-------
      Total |      19 |       0 |   0.0 |      11 |       0 |   0.0
            +---------+---------+-------+---------+---------+-------
        D:1 |      19 |       0 |   0.0 |      11 |       0 |   0.0
            +---------+---------+-------+---------+---------+-------
